 Dungeon Crawl Stone Soup version 0.24.0-13-gcf9b3192b9 (console) character file.

Game seed: 9446936821769608874, levelgen mode: deterministic

49 AlterAsc the Insei (level 3, 0/18 HPs)
             Began as a Vine Stalker Transmuter on Nov 9, 2019.
             Slain by a sky beast (4 damage)
             ... on level 3 of the Dungeon.
             The game lasted 00:03:13 (1113 turns).

AlterAsc the Insei (Vine Stalker Transmuter)        Turns: 1113, Time: 00:03:14

Health: 0/18       AC:  9    Str: 13    XL:     3   Next: 77%
Magic:  0/7        EV:  6    Int: 13    God:
Gold:   80         SH:  0    Dex: 14    Spells: 6/7 levels left

rFire    . . .     SeeInvis .     - Unarmed
rCold    . . .     Gourm    .   (no shield)
rNeg     . . .     Faith    .   e - +0 chain mail
rPois    .         Spirit   +   m - +0 helmet
rElec    .         Reflect  .   (no cloak)
rCorr    .         Harm     .   (no gloves)
MR       .....                  (no boots)
Stlth    ..........             (no amulet)
HPRegen  0.06/turn              (no ring)
MPRegen  0.10/turn              (no ring)

@: no status effects
A: fangs 2, magic shield, antimagic bite, no potion heal 3, rot immunity
a: no special abilities


You were on level 3 of the Dungeon.
You were not hungry.

You visited 1 branch of the dungeon, and saw 3 of its levels.

You collected 80 gold pieces.

Inventory:

Missiles
 a - 38 arrows
Armour
 b - a +0 robe
 e - a +0 chain mail (worn)
 m - a +0 helmet (worn)
Scrolls
 c - 3 scrolls of identify {unknown}
 g - a scroll of enchant weapon {unknown}
 i - a scroll of teleportation {unknown}
 j - a scroll of remove curse {unknown}
 l - a scroll of fear {unknown}
 o - a scroll of amnesia {unknown}
Potions
 f - a potion of heal wounds {unknown}
 k - a potion of cancellation {unknown}
 n - a potion of might {unknown}
Comestibles
 d - 3 rations
 h - 2 chunks of flesh


   Skills:
 + Level 1.4 Fighting
 - Level 1.6 Dodging
 * Level 3.5 Unarmed Combat
 + Level 2.6 Spellcasting
 * Level 2.7 Transmutations


You had 6 spell levels left.
You knew the following spells:

 Your Spells              Type           Power        Failure   Level  Hunger
a - Beastly Appendage     Tmut           #.....       96%         1    #......

Your spell library contained the following spells:

 Spells                   Type           Power        Failure   Level  Hunger
 Sticks to Snakes         Tmut           #.......     99%         2    ###....
 Spider Form              Tmut/Pois      #.........   100%        3    ###....
 Ice Form                 Ice/Tmut       #.......     100%        4    #####..
 Blade Hands              Tmut           #.........   100%        5    ######.


Dungeon Overview and Level Annotations

Branches:
Dungeon (3/15)

Altars:

Annotations:
D:2 Sigmund


Innate Abilities, Weirdness & Mutations

You have extremely sharp teeth.
When hurt, damage is shared between your health and your magic reserves.
Your bite disrupts and absorbs the magic of your enemies.
Potions cannot restore your health.
You are immune to rotting.


Message History

Your chain mail prevents you from hitting the sky beast.
The sky beast is heavily wounded.
The sky beast hits you but does no damage.
You closely miss the sky beast.
The sky beast is heavily wounded.
The sky beast hits you but does no damage.
You miss the sky beast. You bite the sky beast. You drain its power.
You feel invigorated.
The sky beast is heavily wounded.
The sky beast hits you but does no damage.
You hit the sky beast. Your bite misses the sky beast.
The sky beast is heavily wounded.
The sky beast barely misses you.
Your chain mail prevents you from hitting the sky beast.
Your bite misses the sky beast.
The sky beast is heavily wounded.
The sky beast hits you.
* * * LOW HITPOINT WARNING * * *
The sky beast shocks you.
You die...

##..## ######... #....#
#........ ##.##.# #........
#..##.####......<.
#.###...##........ .. #.#
###.#......... .##.# #.#
#.#......#.. ..#..# #.#
#..........# ....... ##@#
###..#.##..###
.......##.Y###.........##
............§........###
..........######.#.....####
.....##....#####...........
#.......#..................
###.............#.....##.##
#.###....#....#....###.#
........÷...#....#..# #.#


You could see a sky beast.

Vanquished Creatures
  Robin (D:2)
  2 dart slugs (D:1)
  3 bats
  2 giant cockroaches
  12 goblins
  4 hobgoblins
  A quokka (D:2)
  A frilled lizard (D:2)
  A kobold (D:1)
  6 rats
33 creatures vanquished.

Notes
Turn   | Place    | Note
-------+----------+-------------------------------------------
     0 | D:1      | AlterAsc the Vine Stalker Transmuter began the quest for
                  | the Orb.
     0 | D:1      | Reached XP level 1. HP: 9/9 MP: 4/4
    55 | D:1      | Reached skill level 1 in Fighting
   121 | D:1      | Reached XP level 2. HP: 13/14 MP: 4/6
   697 | D:2      | Noticed Robin
   698 | D:2      | Reached XP level 3. HP: 18/18 MP: 5/7
   719 | D:2      | Killed Robin
   873 | D:2      | Noticed Sigmund
  1036 | D:3      | Noticed a sky beast
  1113 | D:3      | Slain by a sky beast

Levels and vault maps discovered:
D:1:      elethiomel_arrival_infinity_welcomes_careful_drivers, layout_basic,
          serial_corexii_hall, chequers_hall_statues_corner_a,
          corexii_hall_statues_l
D:2:      cheibrodos_pilgrimage, layout_basic, uniq_robin,
          uniq_crazy_yiuf_cottage, uniq_sigmund
D:3:      layout_rooms, minmay_overflow_temple_star_hex

Skill      XL: |  1 |
---------------+----+-----
Fighting       | 1 |  1.4
Dodging        | |  1.6
Unarmed Combat | |  3.5
Spellcasting   | |  2.6
Transmutations | |  2.7

Action                   || total
-------------------------++-------
Melee: Unarmed           ||   137
       Bite              ||    28
 Cast: Beastly Appendage ||     1
  Eat: Chunk             ||     1
Armor: Chain mail        ||    95
       Robe              ||     1
Dodge: Dodged            ||    44
